| TOP OF THE 1ST |
|
Chicago (APP) Cubs batting - Pitching for Washington (APP) Nationals : RHP Luke Cook
|
|
Pitching: RHP Luke Cook
|
|
|
Batting: SHB Jim Lloyd
|
0-0: Swinging Strike 0-1: Foul Ball, location: 2F 0-2: Ball 1-2: Foul Ball, location: 2F 1-2: Strikes out swinging
|
|
Batting: RHB Andy Villarreal
|
0-0: Ball 1-0: Ground out 5-3 (Groundball, 5L, EV 101.9 MPH)
|
|
Batting: LHB Jose Mafano
|
0-0: Swinging Strike 0-1: Fly out, F9 (Flyball, 9S, EV 93.8 MPH)
|
| Top of the 1st over - 0 runs, 0 hits, 0 errors, 0 left on base; Chicago (APP) 0 - Washington (APP) 0 |
| BOTTOM OF THE 1ST |
|
Washington (APP) Nationals batting - Pitching for Chicago (APP) Cubs : LHP Wilhelm Myers
|
|
Pitching: LHP Wilhelm Myers
|
|
|
Batting: RHB Victor Rojas
|
0-0: Called Strike 0-1: Called Strike 0-2: Strikes out swinging
|
|
Batting: RHB Jon Ortiz
|
0-0: Ball 1-0: Ground out 5-3 (Groundball, 56S, EV 73.1 MPH)
|
|
Batting: RHB Billy Williamson
|
0-0: Swinging Strike 0-1: Ball 1-1: Ball 2-1: Ball 3-1: Called Strike 3-2: Foul Ball, location: 2F 3-2: Strikes out swinging
|
| Bottom of the 1st over - 0 runs, 0 hits, 0 errors, 0 left on base; Chicago (APP) 0 - Washington (APP) 0 |
| TOP OF THE 2ND |
|
Chicago (APP) Cubs batting - Pitching for Washington (APP) Nationals : RHP Luke Cook
|
|
Batting: RHB Andy Baumhardt
|
0-0: Foul Ball, location: 2F 0-1: Ball 1-1: Ball 2-1: Foul Ball, location: 2F 2-2: Strikes out looking
|
|
Batting: RHB Jorge Gonzalez
|
0-0: Ball 1-0: Ball 2-0: Ball 3-0: Called Strike 3-1: Base on Balls
|
|
Batting: RHB Lencho Otieno
|
0-0: Fielders Choice at 2nd, 4-6 (Groundball, 4M, EV 108.8 MPH)
|
|
Batting: SHB Rob Craft
|
0-0: Called Strike 0-1: Ball 1-1: Ball 2-1: Foul Ball, location: 2F 2-2: Strikes out swinging
|
| Top of the 2nd over - 0 runs, 0 hits, 0 errors, 1 left on base; Chicago (APP) 0 - Washington (APP) 0 |
| BOTTOM OF THE 2ND |
|
Washington (APP) Nationals batting - Pitching for Chicago (APP) Cubs : LHP Wilhelm Myers
|
|
Batting: RHB Akira Ishihara
|
0-0: Ball 1-0: Ball 2-0: Foul Ball, location: 2F 2-1: Swinging Strike 2-2: Ball 3-2: Strikes out looking
|
|
Batting: SHB John Husson
|
0-0: Ball 1-0: SINGLE (Groundball, 6MD, EV 101.9 MPH)
|
|
Batting: RHB Armando Moreno
|
0-0: Ball 1-0: Ball 2-0: Swinging Strike 2-1: Called Strike 2-2: Strikes out swinging
|
|
Batting: RHB Ivan Torres
|
0-0: Called Strike 0-1: Called Strike 0-2: Ball 1-2: Strikes out looking
|
| Bottom of the 2nd over - 0 runs, 1 hit, 0 errors, 1 left on base; Chicago (APP) 0 - Washington (APP) 0 |
| TOP OF THE 3RD |
|
Chicago (APP) Cubs batting - Pitching for Washington (APP) Nationals : RHP Luke Cook
|
|
Batting: SHB Joshua Vincent
|
0-0: Called Strike 0-1: Swinging Strike 0-2: Strikes out swinging
|
|
Batting: LHB Eddie Panagos
|
0-0: Ball 1-0: Ball 2-0: Ball 3-0: Called Strike 3-1: Called Strike 3-2: Strikes out swinging, 2-3 out at first.
|
|
Batting: SHB Jim Lloyd
|
0-0: Ball 1-0: Ball 2-0: SINGLE (Line Drive, 9LS, EV 102.5 MPH)
|
|
Batting: RHB Andy Villarreal
|
0-0: Called Strike 0-1: Foul Ball, location: 2F 0-2: Ball 1-2: Ball 2-2: Strikes out looking
|
| Top of the 3rd over - 0 runs, 1 hit, 0 errors, 1 left on base; Chicago (APP) 0 - Washington (APP) 0 |
| BOTTOM OF THE 3RD |
|
Washington (APP) Nationals batting - Pitching for Chicago (APP) Cubs : LHP Wilhelm Myers
|
|
Batting: RHB Steve Boice
|
0-0: Swinging Strike 0-1: Called Strike 0-2: Foul Ball, location: 2F 0-2: Ball 1-2: Ball 2-2: Foul Ball, location: 2F 2-2: Strikes out looking
|
|
Batting: RHB Jason Curry
|
0-0: Called Strike 0-1: Foul Ball, location: 2F 0-2: Reached on error, E5 (Groundball, 56S, EV 76.2 MPH)
|
|
Batting: RHB Victor Rojas
|
0-0: Ball 1-0: Ball 2-0: Hit by Pitch Jason Curry to second
|
|
Batting: RHB Jon Ortiz
|
0-0: Ball 1-0: Swinging Strike 1-1: Called Strike 1-2: Strikes out swinging
|
|
Batting: RHB Billy Williamson
|
0-0: Ball Passed Ball! Jason Curry to third Victor Rojas to second 1-0: Foul Ball, location: 2F 1-1: Foul Ball, location: 2F 1-2: Strikes out swinging
|
| Bottom of the 3rd over - 0 runs, 0 hits, 1 error, 2 left on base; Chicago (APP) 0 - Washington (APP) 0 |
| TOP OF THE 4TH |
|
Chicago (APP) Cubs batting - Pitching for Washington (APP) Nationals : RHP Luke Cook
|
|
Batting: LHB Jose Mafano
|
0-0: Ball 1-0: Called Strike 1-1: Swinging Strike 1-2: Strikes out swinging
|
|
Batting: RHB Andy Baumhardt
|
0-0: Ball 1-0: Ball 2-0: Foul Ball, location: 2F 2-1: Swinging Strike 2-2: Foul Ball, location: 2F 2-2: Strikes out swinging
|
|
Batting: RHB Jorge Gonzalez
|
0-0: Ball 1-0: Swinging Strike 1-1: Foul Ball, location: 2F 1-2: Ball 2-2: Strikes out swinging
|
| Top of the 4th over - 0 runs, 0 hits, 0 errors, 0 left on base; Chicago (APP) 0 - Washington (APP) 0 |
| BOTTOM OF THE 4TH |
|
Washington (APP) Nationals batting - Pitching for Chicago (APP) Cubs : LHP Wilhelm Myers
|
|
Batting: RHB Akira Ishihara
|
0-0: SOLO HOME RUN (Flyball, 7LD, EV 91.9 MPH), Distance : 345 ft
|
|
Batting: SHB John Husson
|
0-0: Ball 1-0: Called Strike 1-1: Called Strike 1-2: Hit by Pitch
|
|
Batting: RHB Armando Moreno
|
0-0: Foul Ball, location: 2F 0-1: Ball 1-1: Foul Ball, location: 2F 1-2: Grounds into double play, 6-4-3 (Groundball, 6, EV 92.5 MPH)
|
|
Batting: RHB Ivan Torres
|
0-0: Called Strike 0-1: Foul Ball, location: 2F 0-2: Foul Ball, location: 2F 0-2: Ball 1-2: Foul Ball, location: 2F 1-2: Fly out, F6 (Line Drive, 6, EV 71.9 MPH)
|
| Bottom of the 4th over - 1 run, 1 hit, 0 errors, 0 left on base; Chicago (APP) 0 - Washington (APP) 1 |
| TOP OF THE 5TH |
|
Chicago (APP) Cubs batting - Pitching for Washington (APP) Nationals : RHP Luke Cook
|
|
Batting: RHB Lencho Otieno
|
0-0: Foul Ball, location: 2F 0-1: Swinging Strike 0-2: Strikes out looking
|
|
Batting: SHB Rob Craft
|
0-0: Called Strike 0-1: Swinging Strike 0-2: Strikes out swinging
|
|
Batting: SHB Joshua Vincent
|
0-0: Ball 1-0: SINGLE (Line Drive, 7S, EV 83.8 MPH)
|
|
Batting: LHB Eddie Panagos
|
0-0: Called Strike 0-1: Foul Ball, location: 2F 0-2: Strikes out swinging
|
| Top of the 5th over - 0 runs, 1 hit, 0 errors, 1 left on base; Chicago (APP) 0 - Washington (APP) 1 |
| BOTTOM OF THE 5TH |
|
Washington (APP) Nationals batting - Pitching for Chicago (APP) Cubs : LHP Wilhelm Myers
|
|
Batting: RHB Steve Boice
|
0-0: Ground out 6-3 (Groundball, 6, EV 79.4 MPH)
|
|
Batting: RHB Jason Curry
|
0-0: Ball 1-0: Ball 2-0: Called Strike 2-1: Foul Ball, location: 2F 2-2: Strikes out swinging
|
|
Batting: RHB Victor Rojas
|
0-0: Ball 1-0: Ball 2-0: Foul Ball, location: 2F 2-1: Called Strike 2-2: Ball 3-2: SINGLE (Groundball, 6D, EV 97.5 MPH)
|
|
Pitching: RHP Luis Solis
|
|
|
Batting: RHB Jon Ortiz
|
0-0: Ball Victor Rojas steals 2nd base 1-0: Ball 2-0: SINGLE (Groundball, 56D, EV 103.1 MPH) Victor Rojas to third Runner from 3rd tries for Home, SAFE, throw by LF to home
|
|
Batting: RHB Billy Williamson
|
0-0: Called Strike 0-1: Called Strike 0-2: Ball 1-2: Strikes out looking
|
| Bottom of the 5th over - 1 run, 2 hits, 0 errors, 1 left on base; Chicago (APP) 0 - Washington (APP) 2 |
| TOP OF THE 6TH |
|
Chicago (APP) Cubs batting - Pitching for Washington (APP) Nationals : RHP Luke Cook
|
|
Batting: SHB Jim Lloyd
|
0-0: Called Strike 0-1: Ball 1-1: Ball 2-1: Ball 3-1: Called Strike 3-2: Base on Balls
|
|
Batting: RHB Andy Villarreal
|
0-0: Foul Ball, location: 2F 0-1: Called Strike 0-2: Strikes out swinging
|
|
Pitching: RHP Carlos Perez
|
|
|
Batting: LHB Jose Mafano
|
0-0: Called Strike 0-1: Ball Jim Lloyd is caught stealing 2nd base 2-6 1-1: Swinging Strike 1-2: Foul Ball, location: 2F 1-2: Strikes out looking
|
| Top of the 6th over - 0 runs, 0 hits, 0 errors, 0 left on base; Chicago (APP) 0 - Washington (APP) 2 |
| BOTTOM OF THE 6TH |
|
Washington (APP) Nationals batting - Pitching for Chicago (APP) Cubs : RHP Luis Solis
|
|
Batting: RHB Akira Ishihara
|
0-0: Foul Ball, location: 2F 0-1: Foul Ball, location: 2F 0-2: Strikes out swinging
|
|
Batting: SHB John Husson
|
0-0: Called Strike 0-1: Ball 1-1: Ball 2-1: Foul Ball, location: 2F 2-2: SINGLE (Groundball, 6MD, EV 96.9 MPH)
|
|
Batting: RHB Armando Moreno
|
0-0: Ball Wild Pitch! John Husson to second 1-0: Ball 2-0: SINGLE (Groundball, 6D, EV 98.1 MPH) John Husson to third Throwing error, E8 John Husson scores Armando Moreno to second
|
|
Pitching: RHP Mike Reusch
|
|
|
Batting: RHB Ivan Torres
|
0-0: SINGLE (Line Drive, 6M, EV 105.0 MPH) Armando Moreno to third
|
|
Batting: RHB Steve Boice
|
0-0: Ball Ivan Torres steals 2nd base 1-0: Ball 2-0: Reached on error, E4 (Groundball, 4, EV 88.1 MPH) Armando Moreno scores Ivan Torres to third
|
|
Batting: RHB Jason Curry
|
0-0: Ball 1-0: Ball Passed Ball! Ivan Torres scores Steve Boice to second 2-0: Foul Ball, location: 2F 2-1: Ground out 5-3 (Groundball, 56, EV 106.2 MPH)
|
|
Batting: RHB Victor Rojas
|
0-0: SINGLE (Groundball, 25, EV 65.0 MPH) (infield hit) Steve Boice to third
|
|
Batting: RHB Jon Ortiz
|
0-0: Called Strike 0-1: Ball 1-1: Swinging Strike 1-2: Foul Ball, location: 2F 1-2: Ball 2-2: Strikes out swinging
|
| Bottom of the 6th over - 3 runs, 4 hits, 2 errors, 2 left on base; Chicago (APP) 0 - Washington (APP) 5 |
| TOP OF THE 7TH |
|
Chicago (APP) Cubs batting - Pitching for Washington (APP) Nationals : RHP Carlos Perez
|
|
Batting: RHB Andy Baumhardt
|
0-0: Ball 1-0: Ball 2-0: Called Strike 2-1: Foul Ball, location: 2F 2-2: Fly out, F9 (Flyball, 89S, EV 74.4 MPH)
|
|
Batting: RHB Jorge Gonzalez
|
0-0: Called Strike 0-1: Foul Ball, location: 2F 0-2: Hit by Pitch
|
|
Batting: RHB Lencho Otieno
|
0-0: Called Strike Jorge Gonzalez steals 2nd base 0-1: Ball 1-1: Foul Ball, location: 2F 1-2: Fly out, F8 (Flyball, 8LD, EV 96.9 MPH)
|
|
Batting: SHB Rob Craft
|
0-0: Called Strike 0-1: Foul Ball, location: 2F 0-2: Ball 1-2: Foul Ball, location: 2F 1-2: Ball 2-2: Foul Ball, location: 2F 2-2: Ball 3-2: Strikes out swinging
|
| Top of the 7th over - 0 runs, 0 hits, 0 errors, 1 left on base; Chicago (APP) 0 - Washington (APP) 5 |
| BOTTOM OF THE 7TH |
|
Washington (APP) Nationals batting - Pitching for Chicago (APP) Cubs : RHP Mike Reusch
|
|
Batting: RHB Billy Williamson
|
0-0: Ball 1-0: Fly out, F6 (Flyball, 6D, EV 83.1 MPH)
|
|
Batting: RHB Akira Ishihara
|
0-0: Ball 1-0: Called Strike 1-1: Called Strike 1-2: Ball 2-2: Strikes out swinging
|
|
Pitching: RHP Man-keung Li
|
|
|
Batting: SHB John Husson
|
0-0: Called Strike 0-1: Foul Ball, location: 2F 0-2: Ball 1-2: Foul Ball, location: 2F 1-2: Ball 2-2: Foul Ball, location: 2F 2-2: Ball 3-2: Foul Ball, location: 2F 3-2: Strikes out swinging
|
| Bottom of the 7th over - 0 runs, 0 hits, 0 errors, 0 left on base; Chicago (APP) 0 - Washington (APP) 5 |
| TOP OF THE 8TH |
|
Chicago (APP) Cubs batting - Pitching for Washington (APP) Nationals : RHP Carlos Perez
|
|
Batting: SHB Joshua Vincent
|
0-0: Ball 1-0: Ball 2-0: Called Strike 2-1: Fly out, F8 (Flyball, 8LD, EV 89.4 MPH)
|
|
Pitching: RHP Ramiro Ramirez
|
|
|
Batting: LHB Eddie Panagos
|
0-0: Called Strike 0-1: Foul Ball, location: 2F 0-2: Strikes out swinging
|
|
Batting: SHB Jim Lloyd
|
0-0: Ball 1-0: Called Strike 1-1: Called Strike 1-2: Strikes out swinging
|
| Top of the 8th over - 0 runs, 0 hits, 0 errors, 0 left on base; Chicago (APP) 0 - Washington (APP) 5 |
| BOTTOM OF THE 8TH |
|
Washington (APP) Nationals batting - Pitching for Chicago (APP) Cubs : RHP Man-keung Li
|
|
Batting: RHB Armando Moreno
|
0-0: Called Strike 0-1: Ball 1-1: DOUBLE (Groundball, 5L, EV 101.9 MPH)
|
|
Batting: RHB Ivan Torres
|
0-0: Ball 1-0: Called Strike 1-1: Swinging Strike 1-2: Strikes out swinging
|
|
Batting: RHB Steve Boice
|
0-0: Called Strike 0-1: Foul Ball, location: 2F 0-2: Foul Ball, location: 2F 0-2: Strikes out looking
|
|
Pitching: RHP Robbie Schoen
|
|
|
Batting: RHB Jason Curry
|
0-0: Called Strike 0-1: Fly out, F2 (Popup, 3SF, EV 75.0 MPH)
|
| Bottom of the 8th over - 0 runs, 1 hit, 0 errors, 1 left on base; Chicago (APP) 0 - Washington (APP) 5 |
| TOP OF THE 9TH |
|
Chicago (APP) Cubs batting - Pitching for Washington (APP) Nationals : RHP Ramiro Ramirez
|
|
Batting: RHB Andy Villarreal
|
0-0: Ball 1-0: Foul Ball, location: 2F 1-1: Swinging Strike 1-2: Strikes out swinging
|
|
Batting: LHB Jose Mafano
|
0-0: Foul Ball, location: 2F 0-1: Foul Ball, location: 2F 0-2: Ball 1-2: Strikes out swinging, 2-3 out at first.
|
|
Batting: RHB Andy Baumhardt
|
0-0: Ball 1-0: Called Strike 1-1: Ball 2-1: Fly out, F8 (Line Drive, 8RM, EV 93.1 MPH)
|
| Top of the 9th over - 0 runs, 0 hits, 0 errors, 0 left on base; Chicago (APP) 0 - Washington (APP) 5 |
|